 Dungeon Crawl Stone Soup version 0.31-a0-175-g9f7f995f2b (webtiles) character file.

Game seed: 4592036813453644219

430 qw the Shooter (level 6, -2/40 HPs)
             Began as a Gargoyle Hunter on June 16, 2023.
             Was an Initiate of Okawaru.
             Slain by a steam dragon (5 damage)
             ... on level 5 of the Dungeon.
             The game lasted 00:01:28 (4244 turns).

qw the Shooter (Gargoyle Hunter)                    Turns: 4244, Time: 00:01:28

Health: -2/40      AC: 13    Str: 14    XL:     6   Next: 99%
Magic:  6/6        EV: 11    Int: 10    God:    Okawaru [......]
Gold:   300        SH:  5    Dex: 15    Spells: 5/5 levels left

rFire   . . .        Y - +2 shortbow
rCold   . . .        (shield currently unavailable)
rNeg    + . .        b - +0 ring mail
rPois   inf          (no helmet)
rElec   +            (no cloak)
rCorr   .            (no gloves)
SInv    .            c - +2 pair of boots
Will    .....        i - amulet of reflection
Stlth   +            (no ring)
HPRegen 0.26/turn    (no ring)
MPRegen 0.10/turn

%: reflection
@: no status effects
A: sickness immunity, AC +4, negative energy resistance 1, electricity
resistance, torment resistance 1, petrification resistance
a: Renounce Religion


You were on level 5 of the Dungeon.
You worshipped Okawaru.
Okawaru was noncommittal.
You visited 2 branches of the dungeon, and saw 6 of its levels.

You collected 300 gold pieces.


Innate Abilities, Weirdness & Mutations

You are immune to sickness and miasma.
Your stone body is resilient. (AC +4)
You are immune to poison.
You resist negative energy. (rN+)
You are resistant to electric shocks. (rElec)
You are resistant to unholy torment.
You are immune to petrification.


   Skills:
 - Level 4.8 Fighting
 + Level 6.5 Ranged Weapons
 - Level 2.3 Armour
 - Level 1.5 Dodging
 - Level 1.1 Stealth


You had 5 spell levels left.
You didn't know any spells.
Your spell library was empty.

Inventory:

Hand Weapons
 Y - a +2 shortbow (weapon)
Armour
 b - a +0 ring mail (worn)
 c - a +2 pair of boots (worn)
Jewellery
 i - an amulet of reflection (around neck)
Scrolls
 d - 5 scrolls of teleportation
 e - a scroll of identify
 h - a scroll of enchant armour
 l - a scroll of fog {unknown}
Potions
 a - a potion of brilliance {unknown}
 f - a potion of cancellation
 g - a potion of haste
 j - a potion of curing {unknown}
 k - a potion of lignification {unknown}

Dungeon Overview and Level Annotations

Branches:
Dungeon (5/15)             Temple (1/1) D:5

Altars:
Ashenzari
Cheibriados
Dithmenos
Elyvilon
Fedhas
Gozag
Hepliaklqana
Kikubaaqudgha
Makhleb
Okawaru
Qazlal
Ru
Sif Muna
Uskayaw
Wu Jian
Xom
Yredelemnul
Zin
The Shining One

Annotations:
D:2 1 runed translucent door, Crazy Yiuf
D:4 3 runed translucent doors, qw's ghost, amateur NaHu


Message History

The steam dragon is heavily wounded.
You shoot an arrow.
The arrow hits the steam dragon but does no damage.
The steam dragon is heavily wounded.
The steam dragon breathes steam at you. The ball of steam hits you.
You shoot an arrow.
The arrow closely misses the steam dragon.
You are engulfed in a cloud of scalding steam.
You block the steam dragon's attack.
The steam dragon claws you but does no damage.
You shoot an arrow. The arrow hits the steam dragon.
The steam dragon is heavily wounded.
A quokka comes into view.
The jelly barely misses you. The steam dragon bites you.
The steam dragon claws you but does no damage.
You shoot an arrow.
The arrow hits the steam dragon but does no damage.
The steam dragon is heavily wounded.
The jelly is engulfed in a cloud of scalding steam.
The jelly hits you but does no damage. The steam dragon breathes steam at you.
The ball of steam hits you!
You shoot an arrow. The arrow hits the jelly.
The jelly is almost dead.
You are engulfed in a cloud of scalding steam.
The jelly is engulfed in a cloud of scalding steam.
The jelly dies!
The steam dragon bites you but does no damage.
The steam dragon claws you.
You shoot an arrow. The arrow hits the steam dragon!
The steam dragon is severely wounded.
You are engulfed in a cloud of scalding steam.
The steam dragon bites you but does no damage.
The steam dragon misses you.
You shoot an arrow.
The arrow closely misses the steam dragon.
You are engulfed in a cloud of scalding steam.
The steam dragon bites you.
You die...

#.# #### ##.### . ........... ..
.... .... J.. ...#..# ....
#.#..##..... #....r...... ... . #
#.#@D# .#..##. # #. #.#.?#
....... ..#.##.#..# ......
......<...####### ... .#..###
#...............# ..# ......#
#.#.##..#######.##...# .#
.#..#.###.#.##..#.#####.##...#...
.................................
............................##..#


You could see a steam dragon and a quokka.

Vanquished Creatures
  A black bear (D:4)
  A jelly (D:4)
  A hound (D:5)
  A sleepcap (D:4)
  Natasha (thrice) (D:4)
  3 adders
  4 gnolls (D:5)
  2 worms
  2 dart slugs
  4 orcs
  9 ball pythons
  3 bats (D:3)
  8 endoplasms
  4 giant cockroaches
  8 hobgoblins
  2 jackals (D:1)
  3 quokkas
  6 frilled lizards
  11 goblins
  9 kobolds
  6 rats
91 creatures vanquished.

Vanquished Creatures (others)
  A jelly (D:5)
1 creature vanquished.

Grand Total: 92 creatures vanquished

Notes
Turn   | Place    | Note
-------+----------+-------------------------------------------
     0 | D:1      | qw the Gargoyle Hunter began the quest for the Orb.
     0 | D:1      | Reached XP level 1. HP: 12/12 MP: 1/1
     0 | D:1      | 0 ||| qw: Version: 0.2-a-29-g511e9b1
     0 | D:1      | 0 ||| qw: Game counter: 5733
     0 | D:1      | 0 ||| qw: Always use a shield: true
     0 | D:1      | 0 ||| qw: God list: Okawaru
     0 | D:1      | 0 ||| qw: Allow faded altars: false
     0 | D:1      | 0 ||| qw: Do Orc after D:15 true
     0 | D:1      | 0 ||| qw: Do second Lair branch before Depths: true
     0 | D:1      | 0 ||| qw: Lair rune preference: random
     0 | D:1      | 0 ||| qw: Plans: Normal, Zot:1-4, Slime:5, God:TSO, Crypt,
                  | Tomb, Abyss, Pan, Hells, Win
     0 | D:1      | 0 ||| PLANNING D:1-11
    70 | D:1      | Reached XP level 2. HP: 17/17 MP: 2/2
    80 | D:1      | You fall into a shaft and drop 1 floor!
    84 | D:2      | 84 ||| DROPPING scroll of butterflies.
    89 | D:2      | 89 ||| FLEEEEING.
    90 | D:2      | 90 ||| STAIRDANCE
   370 | D:1      | Reached XP level 3. HP: 16/21 MP: 3/3
   797 | D:1      | Reached skill level 5 in Ranged Weapons
  1130 | D:1      | 1130 ||| READING scroll labelled CAPSOP UWNUE.
  1131 | D:1      | 1131 ||| READING scroll labelled WOEZIG YLEE.
  1132 | D:1      | 1132 ||| READING scroll labelled GUKABA FESUMNU.
  1133 | D:1      | 1133 ||| READING scroll labelled KEECVI OTECH.
  1351 | D:2      | Reached skill level 3 in Fighting
  1386 | D:2      | Reached XP level 4. HP: 28/28 MP: 4/4
  1390 | D:2      | 1390 ||| READING scroll of enchant weapon.
  1390 | D:2      | 1390 ||| ENCHANTING +1 shortbow.
  1443 | D:2      | Found a runed translucent door.
  1444 | D:2      | Noticed Crazy Yiuf
  1611 | D:2      | Found a faded altar of an unknown god.
  1880 | D:2      | 1880 ||| DROPPING amulet of magic regeneration.
  1881 | D:2      | 1881 ||| READING 2 scrolls labelled VIHOEKHY NUFF.
  1904 | D:2      | 1904 ||| READING scroll labelled KEBLONI WI QON.
  1905 | D:2      | 1905 ||| READING scroll labelled OPRIOCEYSO.
  1926 | D:2      | 1926 ||| DRINKING 2 black potions.
  1927 | D:2      | 1927 ||| DRINKING 2 smoky brown potions.
  1928 | D:2      | 1928 ||| DROPPING potion of enlightenment.
  2657 | D:3      | 2657 ||| UPGRADING to +0 ring mail.
  2667 | D:3      | 2667 ||| DROPPING +0 leather armour.
  2668 | D:3      | 2668 ||| UPGRADING to amulet of reflection.
  2673 | D:3      | 2673 ||| READING scroll labelled ZOKHLE PUKKOF.
  2674 | D:3      | 2674 ||| READING scroll labelled FOTIAM XAPHE.
  2760 | D:4      | Found a runed translucent gate.
  2760 | D:4      | Found a runed translucent gate.
  2760 | D:4      | Found a runed translucent gate.
  2763 | D:4      | Noticed qw's ghost (amateur NaHu)
  2908 | D:4      | Reached XP level 5. HP: 32/32 MP: 5/5
  2908 | D:4      | Noticed Natasha
  2921 | D:4      | Killed Natasha
  2995 | D:4      | Reached skill level 6 in Ranged Weapons
  3015 | D:4      | Noticed Natasha
  3025 | D:4      | Killed Natasha
  3075 | D:4      | Noticed Natasha
  3082 | D:4      | Killed Natasha
  3083 | D:4      | Reached XP level 6. HP: 38/38 MP: 6/6
  3138 | D:4      | Noticed a black bear
  3145 | D:4      | Killed a black bear
  3521 | D:4      | 3521 ||| READING scroll labelled WYARATRAAB.
  3522 | D:4      | 3522 ||| READING scroll labelled TUJALE GUDECH.
  3528 | D:5      | Entered Level 5 of the Dungeon
  3533 | D:5      | 3533 ||| STAIRDANCE
  3612 | D:5      | Found a staircase to the Ecumenical Temple.
  3613 | D:5      | 3613 ||| PLANNING TEMPLE
  3633 | D:5      | HP: 3/40 [gnoll/+0 halberd (11)]
  3634 | D:5      | 3634 ||| READING 5 scrolls of teleportation.
  3780 | D:5      | 3780 ||| Stepping randomly (stuck).
  3781 | D:5      | 3781 ||| Stepping randomly (stuck).
  3782 | D:5      | 3782 ||| Stepping randomly (stuck).
  3783 | D:5      | 3783 ||| Stepping randomly (stuck).
  3867 | D:5      | 3867 ||| UPGRADING to +0 pair of boots.
  3872 | D:5      | 3872 ||| READING 3 scrolls of enchant armour.
  3872 | D:5      | 3872 ||| ENCHANTING +0 pair of boots.
  3873 | D:5      | 3873 ||| READING 2 scrolls of enchant armour.
  3873 | D:5      | 3873 ||| ENCHANTING +1 pair of boots.
  3874 | D:5      | 3874 ||| DRINKING 2 glowing clear potions.
  3891 | Temple   | Entered the Ecumenical Temple
  3940 | Temple   | 3940 ||| PLANNING OKAWARU WORSHIP
  4081 | Temple   | Became a worshipper of Warmaster Okawaru
  4082 | Temple   | 4082 ||| PLANNING D:1-11
  4231 | D:5      | Noticed a steam dragon
  4235 | D:5      | 4235 ||| Stepping ~*~*~tactically~*~*~ (cloud).
  4244 | D:5      | HP: 2/40 [steam dragon] (10)]
  4244 | D:5      | Slain by a steam dragon

Levels and vault maps discovered:
D:1:      scummos_arrival_forest, layout_loops_ring, serial_co_window_serial,
          co_window_paths_a, co_window_paths_a, co_window_corner_a,
          co_window_of_opportunity_a, co_window_of_opportunity_a,
          co_window_corner_a, co_window_paths_a, co_window_broadway_a,
          co_window_corner_b, co_window_broadway_c, co_window_broadway_a,
          co_window_broadway_a, co_window_2corner, co_window_of_opportunity_c,
          glass_columns_a, glass_columns_a, minmay_box_of_dots
D:2:      layout_basic, shapermc_ecumenical_altar_rom_forum,
          minmay_pentomino_q2, uniq_crazy_yiuf_cottage
D:3:      kb_forest_paths, layout_loops_ring, roderic_serpentine_path
D:4:      layout_gridville, gammafunk_ghost_necromancy, hangedman_decor_growths,
          uniq_natasha
D:5:      layout_basic, minmay_temple_entry_junction
Temple:   nicolae_temple_bog_church

Skill      XL: |  1  2  3  4  5  6 |
---------------+-------------------+-----
Ranged Weapons | 5 6 |  6.5
Fighting       | 3 4 |  4.8
Armour         | 2 |  2.3
Dodging        | |  1.5
Stealth        | |  1.1

Action                     |  1- 3 |  4- 6 || total
---------------------------+-------+-------++-------
   Fire: Shortbow          |   117 |   172 ||   289
    Use: Scroll            |     4 |    11 ||    15
         Potion            |       |     3 ||     3
 Armour: Leather armour    |    12 |     1 ||    13
         Ring mail         |       |    22 ||    22
  Dodge: Dodged            |    30 |    27 ||    57
  Block: Other             |       |    14 ||    14

Table legend:
 A = Non-vault XP
 B = Vault XP
 C = Vault XP percentage of total XP
 D = Non-vault monster count
 E = Vault monster count
 F = Vault count percentage of total count
                 A         B        C        D         E       F
            +---------+---------+-------+---------+---------+-------
      Total |     561 |      54 |   8.8 |      81 |      11 |  12.0
            +---------+---------+-------+---------+---------+-------
        D:1 |      47 |       3 |   6.0 |      25 |       2 |   7.4
        D:2 |      41 |       3 |   6.8 |      18 |       2 |  10.0
        D:3 |      24 |      13 |  35.1 |      14 |       6 |  30.0
        D:4 |     347 |      35 |   9.2 |      18 |       1 |   5.3
        D:5 |     102 |       0 |   0.0 |       6 |       0 |   0.0
            +---------+---------+-------+---------+---------+-------
